 Dungeon Crawl Stone Soup version 0.30-b1-2-g02819fbbbe (webtiles) character file.

Game seed: 16624271066559103624

577 manyhoops the Digger (level 6, -6/45 HPs)
             Began as a Demigod Earth Elementalist on Nov 20, 2023.
             Shot with a bolt by an orc warrior (10 damage)
             ... on level 4 of the Dungeon.
             The game lasted 00:05:39 (3221 turns).

manyhoops the Digger (Demigod Earth Elementalist)   Turns: 3221, Time: 00:05:39

Health: -6/45      AC:  6    Str:  7    XL:     6   Next: 88%
Magic:  14/16      EV: 12    Int: 33    God:
Gold:   96         SH:  0    Dex: 12    Spells: 8/14 levels left

rFire   + . .        s - +1 war axe (freeze)
rCold   + . .        (no shield)
rNeg    . . .        u - +2 robe
rPois   +            (helmet restricted)
rElec   +            (no cloak)
rCorr   +            w - +0 pair of gloves
SInv    .            v - +0 pair of boots
Will    .....        (no amulet)
Stlth   ++           r - +4 ring of slaying
HPRegen 0.27/turn    (no ring)
MPRegen 0.15/turn

%: no passive effects
@: mighty, brilliant, about to teleport, resistant
A: high MP 1, forlorn, divine attributes, horns 1, clever 2
a: no special abilities


You were on level 4 of the Dungeon.
You visited 1 branch of the dungeon, and saw 4 of its levels.

You collected 223 gold pieces.
You spent 127 gold pieces at shops.

Inventory:

Hand Weapons
 s - a +1 war axe of freezing (weapon)
Armour
 u - a +2 robe (worn)
 v - a +0 pair of boots (worn)
 w - a +0 pair of gloves (worn)
Jewellery
 r - a +4 ring of slaying (left hand)
Wands
 i - a wand of flame (13)
 p - a wand of roots (8)
Scrolls
 a - a scroll of fear {unknown}
 d - 2 scrolls of noise
 h - 2 scrolls of immolation
 j - a scroll of torment
 m - a scroll of enchant weapon
 o - a scroll of brand weapon {unknown}
 q - a scroll of fog {unknown}
Potions
 b - a potion of magic
 c - 2 potions of mutation
 k - a potion of cancellation
 l - a potion of haste
 t - a potion of flight {unknown}
 x - a potion of attraction {unknown}


   Skills:
 + Level 1.7 Dodging
 - Level 1.7 Stealth
 - Level 4.7 Spellcasting
 - Level 0.8 Transmutations
 - Level 5.6 Earth Magic


You had 8 spell levels left.
You knew the following spells:

 Your Spells              Type           Power      Damage    Failure   Level
a - Sandblast             Erth           100%       2d20      1%          1
b - Passwall              Tmut/Erth      36%        N/A       1%          2
c - Stone Arrow           Conj/Erth      78%        3d11      4%          3

Your spell library contained the following spells:

 Spells                   Type           Power      Damage    Failure   Level
 Petrify                  Tmut/Erth      44%        N/A       13%         4


Dungeon Overview and Level Annotations

Branches:
Dungeon (4/15)
 Temple: D:4-7

Shops:
D:4 =[

Annotations:
D:3 3 runed translucent doors, Ralhos's ghost, amateur MiBe; kosdos2's ghost, amateur HOFi


Innate Abilities, Weirdness & Mutations

You have an increased reservoir of magic. (+10% MP)
You shall have no god before yourself.
Your divine heritage dramatically boosts your attributes as you level up.
You have a pair of small horns on your head.
Your mind is very acute. (Int +8, Str/Dex -2)


Message History

The orc warrior shoots a bolt.
The bolt hits you!
Casting: Sandblast (safe; 1% risk of failure)
Confirm with . or Enter, or press ? or * to list all spells.
You can't see any susceptible monsters within range! (Use Z to cast anyway.) Unknown command.
Unknown command.
Okay, then.
Found a scroll of vulnerability.
The orc warrior shoots a bolt.
The bolt hits you but does no damage.
Casting: Sandblast (safe; 1% risk of failure)
Confirm with . or Enter, or press ? or * to list all spells.
Aiming: Sandblast (safe; 1% risk of failure)
Press: ? - help, Shift-Dir - straight line, f - orc warrior
Aim: an orc warrior, wielding a +0 arbalest and wearing a +0 chain mail (83% to hit)
The blast of sand misses the orc warrior.
Unknown command.
Casting: Sandblast (safe; 1% risk of failure)
Confirm with . or Enter, or press ? or * to list all spells.
Aiming: Sandblast (safe; 1% risk of failure)
Press: ? - help, Shift-Dir - straight line, f/p - orc warrior
Aim: an orc warrior, wielding a +0 arbalest and wearing a +0 chain mail (83% to hit)
The blast of sand misses the orc warrior.
The orc warrior shoots a bolt.
The bolt hits you!
The orc warrior shoots a bolt.
The bolt misses you.
As you read the scroll of teleportation, it crumbles to dust.
You feel strangely unstable.
The orc warrior shoots a bolt.
The bolt hits you.
* * * LOW HITPOINT WARNING * * *
Unknown command.
It was a potion of brilliance.
You feel clever all of a sudden.
The orc warrior shoots a bolt.
The bolt hits you!
* * * LOW HITPOINT WARNING * * *
Okay, then.
It was a potion of resistance.
You feel protected.
The orc warrior shoots a bolt.
The bolt closely misses you.
It was a potion of might.
You feel very mighty all of a sudden.
The orc warrior shoots a bolt.
The bolt hits you!
You die...

#.......#+#####.# #.#
#......(#.# #.# #.#
###.)##.#.# #.# #.#
#####.......# #.# #.#
...[..###.### #.# #.#
......# #.# #.# #.#
......# #.#######.###
#.# ......#
#.##........#
#.####### ......#
#(##....@)..#
#........ ......#
#.##........#
######### ......#
#.##........# #
......# #.##....o...#
# ......#
#.##........# #
......###.##.....####
# .......##.##.....#
# .).....##.##?.....
# ......^##.#
#########


You could see an orc warrior.

Vanquished Creatures
  Sigmund (D:2)
  A black bear (D:4)
  2 scorpions (D:4)
  2 orc priests (D:4)
  Terence (D:2)
  An orc wizard (D:3)
  4 adders
  3 worms
  2 dart slugs (D:2)
  5 orcs
  7 ball pythons
  2 endoplasms (D:2)
  A giant cockroach (D:3)
  3 goblins
  5 hobgoblins
  3 jackals (D:3)
  7 kobolds
  2 quokkas
  8 bats
  A frilled lizard (D:2)
  5 rats
66 creatures vanquished.

Notes
Turn   | Place    | Note
-------+----------+-------------------------------------------
     0 | D:1      | manyhoops the Demigod Earth Elementalist began the quest
                  | for the Orb.
     0 | D:1      | Reached XP level 1. HP: 14/14 MP: 5/5
   480 | D:1      | Reached skill level 3 in Earth Magic
   696 | D:2      | Reached XP level 2. HP: 20/20 MP: 3/7
   955 | D:2      | Reached XP level 3. HP: 26/26 MP: 6/9
  1317 | D:2      | Gained mutation: Your muscles are strong. (Str +4, Int/Dex
                  | -1) [potion of mutation]
  1327 | D:2      | Noticed Terence
  1334 | D:2      | Killed Terence
  1335 | D:2      | Reached XP level 4. HP: 9/33 MP: 4/11
  1566 | D:2      | Noticed Sigmund
  1568 | D:2      | Killed Sigmund
  1569 | D:2      | Reached skill level 4 in Earth Magic
  1569 | D:2      | Reached XP level 5. HP: 28/38 MP: 9/13
  1713 | D:3      | Noticed kosdos2's ghost (amateur HOFi)
  1713 | D:3      | Noticed Ralhos's ghost (amateur MiBe)
  1713 | D:3      | Found a runed translucent gate.
  1713 | D:3      | Found a runed translucent gate.
  1713 | D:3      | Found a runed translucent gate.
  1891 | D:3      | Lost mutation: Your muscles are strong. (Str +4, Int/Dex
                  | -1) [potion of mutation]
  1891 | D:3      | Gained mutation: Your mind is acute. (Int +4, Str/Dex -1)
                  | [potion of mutation]
  1891 | D:3      | Gained mutation: You have a pair of small horns on your
                  | head. [potion of mutation]
  1891 | D:3      | Gained mutation: Your mind is very acute. (Int +8, Str/Dex
                  | -2) [potion of mutation]
  1970 | D:3      | Learned a level 2 spell: Passwall
  1974 | D:3      | Learned a level 3 spell: Stone Arrow
  2476 | D:4      | Found Zyxonnog's Armour Shoppe.
  2487 | D:4      | Bought a +2 robe for 127 gold pieces
  2729 | D:4      | Noticed a black bear
  2736 | D:4      | Killed a black bear
  2737 | D:4      | Reached skill level 5 in Earth Magic
  2737 | D:4      | Reached XP level 6. HP: 10/45 MP: 10/15
  3089 | D:4      | Found Ejan's Jewellery Shoppe.
  3221 | D:4      | Shot with a bolt by an orc warrior

Illustrated notes

Levels and vault maps discovered:
D:1:      dpeg_arrival_shrine, layout_basic, minmay_misc_feat_tower
D:2:      layout_rooms, serial_corexii_hall, corexii_hall_statues_x,
          chequers_hall_statues_corner_a, uniq_sigmund, uniq_terence
D:3:      layout_rooms, lemuel_crystal_altar, gammafunk_ghost_cemetery,
          hellmonk_ecumenical_altar_inner_sanctum, minmay_misc_feat_tiny,
          minmay_circle_x
D:4:      layout_basic, serial_shops, nicolae_shop_back_alley_shop,
          nicolae_shop_getting_attention, nicolae_nh_ransacked_shop

Skill      XL: |  1  2  3  4  5 |
---------------+----------------+-----
Earth Magic    | 3 4 5 |  5.6
Spellcasting   | 2 3 4 |  4.7
Dodging        | |  1.7
Stealth        | |  1.7
Transmutations | |  0.8

Action                     |  1- 3 |  4- 6 || total
---------------------------+-------+-------++-------
  Melee: Unarmed           |    14 |     1 ||    15
         War axe           |       |     7 ||     7
   Cast: Sandblast         |    52 |    53 ||   105
    Use: Scroll            |     3 |     4 ||     7
         Potion            |     2 |     5 ||     7
 Armour: Robe              |    16 |    12 ||    28
  Dodge: Dodged            |    43 |    36 ||    79
